Map: Acropolis LE

Players

MaNa

  • Race: Protoss Protoss
  • Spawn Location: 5:00

TIME (Oliveira) - Winner!

  • Race: Terran Terran
  • Spawn Location: 11:00

VOD

Have the link to the VOD?

Description

Time

  • Played on: Sept. 7, 2019, 1:16 p.m.
  • Length: 8:07
Show
View Real Time Build Order
Export as new Build Order

MaNa Protoss 

Build Orders: 1 Gate Expand, Phoenix Opening, Blink Stalkers 

Get SALT Encoding   

  12  0:00  Probe  
  13  0:12  Probe  
  14  0:17  Pylon  
  14  0:24  Probe  
  15  0:32  Probe  
  15  0:37  Gateway  
  15  0:40  Probe  
  16  0:46  Assimilator  
  17  0:51  Probe  
  18  1:03  Probe  
  19  1:15  Probe  
  19  1:23  Nexus  
  19  1:34  Cybernetics Core  
  19  1:37  Probe  
  20  1:43  Assimilator  
  20  1:49  Probe  
  20  1:53  Pylon  
  22  2:01  Probe, Adept  
  22  2:10  Warp Gate  
  22  2:13  Probe  
  25  2:25  Probe  
  25  2:28  Twilight Council  
  26  2:33  Sentry  
  26  2:35  Probe  
  29  2:37  Probe  
  30  2:47  Probe  
  30  2:48  Probe  
  32  2:55  Probe  
  32  2:57  Probe  
  32  3:03  Probe  
  32  3:05  Probe  
  34  3:06  Blink  
  34  3:07  Pylon  
  34  3:10  Stalker  
  38  3:13  Probe  
  38  3:16  Probe  
  38  3:17  Phoenix  
  40  3:27  Probe  
  40  3:28  Gateway, Probe  
  40  3:32  Robotics Facility  
  42  3:36  Stalker  
  42  3:38  Assimilator  
  42  3:39  Probe  
  43  3:42  Probe  
  46  3:51  Probe  
  46  3:53  Pylon  
  46  3:54  Probe  
  48  3:56  Assimilator  
  48  4:03  Probe  
  49  4:14  Stalker  
  49  4:16  Probe x2  
  49  4:23  Stalker  
  49  4:28  Probe  
  47  4:32  Probe  
  47  4:36  Probe  
  48  4:40  Probe  
  48  4:44  Probe  
  50  4:46  Stalker x2  
  50  4:47  Observer  
  50  4:48  Probe  
  57  4:52  Pylon  
  57  4:54  Probe  
  58  5:01  Probe  
  58  5:06  Probe  
  60  5:09  Observer  
  60  5:13  Probe  
  62  5:15  Robotics Bay  
  62  5:16  Forge  
  62  5:19  Probe  
  62  5:20  Sentry  
  65  5:25  Probe, Stalker  
  68  5:33  Observer  
  70  5:37  Pylon  
  70  5:40  Nexus  
  69  5:44  Immortal, Pylon  
  69  5:48  Protoss Ground Weapons Level 1  
  69  5:49  Observer  
  73  5:58  Probe x2  
  75  6:05  Extended Thermal Lance  
  75  6:07  Colossus  
  75  6:11  Gateway  
  75  6:13  Gateway  
  81  6:26  Probe x2  
  81  6:28  Pylon  
  82  6:40  Probe x2  
  82  6:41  Gateway  
  82  6:43  Gateway  
  84  6:48  Shield Battery  
  84  6:50  Colossus  
  84  6:57  Probe  
  84  6:59  Probe  
  84  7:00  Pylon  
  92  7:03  Stalker  
  92  7:06  Stalker  
  96  7:15  Zealot  
  98  7:16  Stalker  
  100  7:25  Pylon  
  100  7:26  Pylon  
  100  7:29  Stalker x2  
  104  7:35  Zealot  
  106  7:42  Zealot x3  
  112  7:51  Probe  
  116  7:54  Probe x2  
  116  7:57  Zealot  
Show
View Real Time Build Order
Export as new Build Order

TIME Terran - Winner!

Build Orders: Gas First Reaper Expand, Liberator Opening 

Get SALT Encoding   

  12  0:00  SCV  
  13  0:12  SCV  
  14  0:17  Supply Depot  
  14  0:25  SCV  
  14  0:28  Refinery  
  15  0:39  SCV  
  16  0:46  Barracks  
  16  0:51  SCV  
  17  1:03  SCV  
  18  1:15  SCV  
  19  1:38  Orbital Command, Reaper  
  20  1:44  Command Center  
  20  1:55  Factory  
  20  2:04  SCV  
  20  2:07  Supply Depot  
  21  2:11  Barracks Reactor  
  21  2:15  Refinery  
  21  2:19  SCV  
  22  2:31  SCV  
  23  2:43  SCV  
  24  2:49  Marine x2  
  24  2:50  Hellion  
  24  2:51  Starport  
  28  2:55  SCV  
  29  2:59  Orbital Command  
  29  3:07  SCV  
  30  3:16  Barracks Tech Lab  
  30  3:17  Hellion x2  
  34  3:21  SCV  
  34  3:26  SCV  
  36  3:27  Medivac  
  36  3:31  Supply Depot  
  38  3:36  SCV  
  39  3:41  SCV  
  39  3:42  Liberator  
  39  3:47  Bunker  
  40  3:48  SCV  
  40  3:50  Cyclone, Marine x2  
  40  3:55  Supply Depot  
  46  4:01  SCV  
  50  4:03  SCV  
  50  4:07  Marine  
  50  4:08  Marine  
  53  4:14  SCV  
  54  4:18  SCV  
  55  4:24  Siege Tank  
  55  4:25  Marine  
  59  4:35  SCV x2  
  53  4:40  Marine  
  53  4:41  Barracks  
  53  4:43  Barracks, Marine  
  55  4:47  SCV  
  55  4:48  SCV  
  55  4:52  Engineering Bay  
  57  4:55  Supply Depot  
  57  4:56  Refinery  
  57  4:57  Marine  
  57  4:59  SCV  
  62  5:01  Marine  
  62  5:02  SCV  
  61  5:10  Supply Depot  
  61  5:12  SCV  
  62  5:15  Factory Reactor  
  62  5:16  Marine  
  62  5:17  SCV  
  62  5:19  Supply Depot, Marine  
  62  5:20  Terran Infantry Weapons Level 1  
  65  5:24  SCV  
  65  5:29  SCV  
  65  5:30  Barracks Tech Lab  
  65  5:34  Marine  
  67  5:36  Marauder, Stimpack, SCV  
  67  5:37  Marine  
  67  5:40  Refinery  
  67  5:41  Supply Depot  
  71  5:45  Supply Depot, SCV  
  71  5:46  Starport Reactor  
  71  5:48  SCV  
  71  5:49  Combat Shield  
  75  5:50  Marauder  
  75  5:52  Widow Mine x2, Marine  
  75  5:54  Marine  
  81  5:57  SCV  
  81  6:02  Marauder  
  84  6:06  Supply Depot  
  84  6:07  Supply Depot  
  84  6:10  Marine  
  85  6:12  Marine  
  86  6:20  Command Center  
  86  6:22  Medivac  
  86  6:24  Medivac, Marine  
  86  6:25  Marauder  
  93  6:28  Marine  
  93  6:31  Supply Depot  
  93  6:32  Widow Mine x2  
  98  6:37  Marine  
  98  6:43  Marauder  
  98  6:46  Marine  
  101  6:48  Supply Depot  
  101  6:52  Medivac  
  59  6:54  Medivac  
  103  6:58  Marine  
  103  6:59  Marauder  
  108  7:02  Widow Mine x2  
  108  7:03  Marine  
  108  7:06  SCV  
  108  7:07  Supply Depot  
  114  7:14  Marauder  
  116  7:16  Marine  
  116  7:20  Marine  
  116  7:22  Medivac  
  120  7:23  Widow Mine x2  
  120  7:24  Medivac  
  126  7:31  Supply Depot, SCV  
  126  7:34  Barracks x2, Marine  
  126  7:36  Marauder  
Tags
 
Add a new tag
Caveats
  • Supply blocks, unpowered buildings, or Contaminate may cause inaccurate times.
  • Supply counts are checked every 10 seconds.